[Event "Titled Tuesday Blitz November 07 Early 2023"]
[White "Bacrot, Etienne"]
[Black "Kanyamarala, Tarun"]
[WhiteFideId "605506"]
[BlackFideId "45004714"]
[WhiteElo "2823"]
[BlackElo "2447"]
[Result "1-0"]
[Round "1"]
[TimeControl "180+1"]
[Date "2023.11.07"]
[WhiteClock "0:00:19"]
[BlackClock "0:00:04"]
[Board "67"]

1. e4 c5 2. Nf3 e6 3. c3 d5 4. exd5 exd5 5. d4 Nc6 6. Bb5 Nf6 7. O-O cxd4 8. Re1+ Be7 9. Nxd4 Bd7 10. Bf1 O-O 11. Bf4 Bc5 12. Nb3 Bb6 13. Bg3 Bg4 14. Qd3 Ne4 15. N1d2 Bf5 16. Qf3 Qd7 17. Qf4 Nxg3 18. hxg3 d4 19. Nc4 Bc7 20. Qf3 dxc3 21. Nc5 Qc8 22. Qxc3 b5 23. Ne3 Ba5 24. Qb3 Bxe1 25. Rxe1 Be6 26. Qxb5 Nd4 27. Qa5 Qd8 28. Qc3 Qf6 29. Ne4 Qd8 30. Rd1 Rc8 31. Qxd4 Qxd4 32. Rxd4 Rc1 33. Nc3 Rb8 34. Ned1 g6 35. f3 Bf5 36. Rd2 Rc2 37. Rxc2 Bxc2 38. b3 Rd8 39. Ne3 Rd2 40. Ncd5 Bf5 41. Nxf5 gxf5 42. Ne7+ Kf8 43. Nxf5 Rxa2 44. Bc4 Rb2 45. g4 a5 46. Kh2 Rc2 47. Bd5 Rd2 48. Bc4 Rc2 49. Bb5 Rc3 50. Ba4 Rc5 51. Kg3 f6 52. Kf4 Kf7 53. Nd6+ Ke6 54. Ne4 Re5 55. Ke3 h6 56. Kf4 Rd5 57. Ng3 Rd2 58. Nf5 Rxg2 59. Nxh6 Rb2 60. Nf5 Rc2 61. Ke4 Re2+ 62. Kf4 Rf2 63. Nd4+ Kd6 64. Nf5+ Ke6 65. Ng3 Rc2 66. Ne4 Re2 67. Nc5+ Kd5 68. Nb7 Kd4 69. Nxa5 Re7 70. Nc6+ 1-0


[Site "https://www.chess.com"]

[Event "Titled Tuesday Blitz November 07 Early 2023"]
[White "Jovic, Stanoje"]
[Black "Nyzhnyk, Illya"]
[WhiteFideId "905020"]
[BlackFideId "14118084"]
[WhiteElo "2446"]
[BlackElo "2820"]
[Result "0-1"]
[Round "1"]
[TimeControl "180+1"]
[Date "2023.11.07"]
[WhiteClock "0:00:00"]
[BlackClock "0:00:28"]
[Board "68"]

1. c4 Nf6 2. g3 g6 3. Bg2 Bg7 4. Nc3 O-O 5. Nf3 c6 6. O-O d6 7. d3 e5 8. Rb1 Qe7 9. e4 h6 10. h3 Na6 11. b4 Nc7 12. Be3 Nd7 13. Qd2 Kh7 14. a4 f5 15. Rfc1 Ne6 16. exf5 gxf5 17. Nh4 f4 18. Be4+ Kg8 19. Ng6 Qf7 20. Nxf8 fxe3 21. fxe3 Qxf8 22. Rf1 Nf6 23. Bf5 Qe7 24. d4 Ng5 25. h4 Nf7 26. d5 Bxf5 27. Rxf5 h5 28. Rbf1 Nh6 29. Rg5 Nhg4 30. e4 Kh7 31. Rgf5 Bh6 32. Qd3 Rg8 33. Nd1 cxd5 34. exd5 e4 35. Qd4 Rg6 36. c5 e3 37. cxd6 Qxd6 38. R1f4 Bxf4 39. Rxf4 e2 40. Qd2 exd1=Q+ 41. Qxd1 Qxd5 42. Qxd5 Nxd5 43. Rf7+ Rg7 44. Rf5 Ngf6 45. Kh2 Rg4 0-1


[Site "https://www.chess.com"]

[Event "Titled Tuesday Blitz November 07 Early 2023"]
[White "Zakhartsov, Vladimir"]
[Black "crazy_m_attack"]
[WhiteFideId "4145097"]
[WhiteElo "2819"]
[BlackElo "2446"]
[Result "1-0"]
[Round "1"]
[TimeControl "180+1"]
[Date "2023.11.07"]
[WhiteClock "0:00:04"]
[BlackClock "0:00:00"]
[Board "69"]

1. d4 Nf6 2. Nf3 d5 3. c4 e6 4. Nc3 Be7 5. Bf4 O-O 6. e3 c5 7. cxd5 Nxd5 8. Nxd5 Qxd5 9. dxc5 Qxc5 10. Bd3 Qa5+ 11. Kf1 Nc6 12. Qb1 h6 13. h4 e5 14. Bg3 Rd8 15. Kg1 Bg4 16. Be4 f6 17. Rh2 Rd6 18. Rh1 Rad8 19. Kh2 Qa4 20. Bc2 Qb5 21. Bb3+ Be6 22. Bxe6+ Rxe6 23. Qf5 Red6 24. b3 Qd3 25. Qxd3 Rxd3 26. Rhc1 Ba3 27. Rc4 R8d7 28. h5 Ne7 29. Ra4 Bc5 30. Rc1 Bb6 31. Rc2 Nf5 32. Rac4 Nd6 33. Ra4 Nf5 34. Kh3 Rd1 35. Bh2 Nd6 36. Nh4 Nf7 37. Rc8+ Rd8 38. Rac4 Ng5+ 39. Kg4 Kf7 40. Ng6 Ne6 41. Rxd8 Rxd8 42. Rc2 Rd1 43. f4 exf4 44. exf4 Rd4 45. Bg1 Rd6 46. Bxb6 Rxb6 47. f5 Rb4+ 48. Kg3 Nd4 49. Rc7+ Ke8 50. Kh3 Nxf5 51. g4 Nd6 52. Rxg7 Re4 53. Rh7 Re3+ 54. Kg2 Ne4 55. Re7+ Kd8 56. Kh2 Re2+ 57. Kg1 Re1+ 58. Kg2 1-0


[Site "https://www.chess.com"]

[Event "Titled Tuesday Blitz November 07 Early 2023"]
[White "kuanysh1981"]
[Black "Szpar, Milosz"]
[BlackFideId "1184989"]
[WhiteElo "2445"]
[BlackElo "2813"]
[Result "1-0"]
[Round "1"]
[TimeControl "180+1"]
[Date "2023.11.07"]
[WhiteClock "0:00:55"]
[BlackClock "0:00:03"]
[Board "70"]

1. d4 d5 2. c4 e6 3. Nc3 Nf6 4. Bg5 Be7 5. e3 O-O 6. Nf3 Ne4 7. Bxe7 Qxe7 8. Bd3 Nxc3 9. bxc3 dxc4 10. Bxc4 b6 11. O-O Bb7 12. a4 Nc6 13. Be2 e5 14. Nd2 Na5 15. Bf3 e4 16. Be2 c5 17. Nb3 Nxb3 18. Qxb3 Bc6 19. Bb5 Qc7 20. a5 Rab8 21. Bxc6 Qxc6 22. axb6 axb6 23. Ra6 Qc7 24. Qb5 f5 25. g3 Rb7 26. Rb1 Rfb8 27. Qc4+ Kh8 28. Qe6 cxd4 29. cxd4 Qc2 30. Raa1 Rf8 31. Rc1 Qe2 32. Rc8 Rb8 33. Rxb8 Rxb8 34. Qxb6 Rf8 35. Qd6 Rg8 36. Qe6 Qf3 37. d5 h5 38. h4 Rf8 39. d6 f4 40. exf4 e3 41. Qxe3 Qd5 42. Qe5 Qf3 43. d7 Qg4 44. Qe7 Qf5 1-0


[Site "https://www.chess.com"]

[Event "Titled Tuesday Blitz November 07 Early 2023"]
[White "Materia, Marco"]
[Black "AlivodicDario"]
[WhiteFideId "45150451"]
[WhiteElo "2813"]
[BlackElo "2444"]
[Result "1-0"]
[Round "1"]
[TimeControl "180+1"]
[Date "2023.11.07"]
[WhiteClock "0:00:14"]
[BlackClock "0:00:01"]
[Board "71"]

1. d4 d5 2. c4 e6 3. Nf3 c6 4. Qc2 f5 5. Bf4 Bd6 6. Bxd6 Qxd6 7. e3 Nf6 8. Nc3 O-O 9. Bd3 Ne4 10. O-O Nd7 11. Rac1 b6 12. cxd5 exd5 13. Nd2 Bb7 14. f3 Nxc3 15. bxc3 g6 16. f4 c5 17. Nf3 c4 18. Be2 Bc6 19. Ne5 Nxe5 20. fxe5 Qe7 21. Rf4 b5 22. Rcf1 a5 23. g4 fxg4 24. Bxg4 Bd7 25. Bf3 Be6 26. Qg2 Rad8 27. Rxf8+ Rxf8 28. Bxd5 Rxf1+ 29. Kxf1 Qf7+ 30. Bf3 Qf5 31. Kf2 b4 32. e4 Qf4 33. d5 bxc3 34. Ke1 Qe3+ 35. Kd1 Qd3+ 36. Kc1 Bd7 37. Qe2 Ba4 38. e6 c2 39. Qxd3 cxd3 40. d6 Kf8 41. e5 Ke8 42. Be4 Bb5 43. e7 Kd7 44. Bd5 Ke8 45. Bg8 h6 46. e6 g5 47. Bf7# 1-0


[Site "https://www.chess.com"]

[Event "Titled Tuesday Blitz November 07 Early 2023"]
[White "Cesar Maestre, Bernardo"]
[Black "BardArtem"]
[WhiteFideId "24542547"]
[WhiteElo "2444"]
[BlackElo "2811"]
[Result "0-1"]
[Round "1"]
[TimeControl "180+1"]
[Date "2023.11.07"]
[WhiteClock "0:00:00"]
[BlackClock "0:00:31"]
[Board "72"]

1. c4 e6 2. g3 d5 3. Bg2 Nf6 4. Nf3 Nbd7 5. O-O c6 6. b3 Bd6 7. Bb2 e5 8. d3 O-O 9. cxd5 cxd5 10. Nc3 a6 11. Nd2 Nb6 12. Rc1 Re8 13. a3 Be6 14. b4 Rc8 15. Nb3 Rc7 16. e3 Qc8 17. Na5 Bh3 18. Qe2 d4 19. Ne4 Nxe4 20. dxe4 Bxg2 21. Kxg2 dxe3 22. Qxe3 Na4 23. Ba1 b6 24. Rxc7 Bxc7 25. Nb3 Qe6 26. Rc1 Bd8 27. h4 h6 28. Nd2 b5 29. Nb3 Bb6 30. Nc5 Bxc5 31. bxc5 Rc8 32. Rc2 f6 33. Qd3 Rxc5 34. Qd8+ Kh7 35. Rxc5 Nxc5 36. Qa8 Qc4 0-1


[Site "https://www.chess.com"]

[Event "Titled Tuesday Blitz November 07 Early 2023"]
[White "Lobanov, Sergei"]
[Black "szachmistrz2500"]
[WhiteFideId "24183750"]
[WhiteElo "2811"]
[BlackElo "2443"]
[Result "1-0"]
[Round "1"]
[TimeControl "180+1"]
[Date "2023.11.07"]
[WhiteClock "0:00:05"]
[BlackClock "0:00:00"]
[Board "73"]

1. d4 d5 2. c4 c6 3. Nf3 Nf6 4. e3 Bg4 5. Qb3 Qb6 6. Ne5 Bf5 7. cxd5 cxd5 8. Nc3 Nc6 9. Bb5 e6 10. Bd2 Rc8 11. Rc1 Bd6 12. Na4 Qd8 13. Nxc6 bxc6 14. Bxc6+ Ke7 15. f3 Rb8 16. Qd1 Qc7 17. Bxd5 Bg3+ 18. Kf1 Bd3+ 19. Kg1 Qd6 20. Bb3 Bh4 21. Ba5 Bb5 22. Bc7 Qd7 23. Bxb8 Rxb8 24. Nc5 Qd6 25. Qd2 Bg5 26. f4 Bh6 27. Bd1 Bc6 28. Bf3 g6 29. Bxc6 Qxc6 30. h3 Qb5 31. b3 Nd5 32. Kh2 g5 33. f5 g4 34. Rhe1 gxh3 35. Qf2 Bg5 36. fxe6 fxe6 37. Ne4 Rg8 38. Rf1 Qe8 39. Nxg5 Rxg5 40. Qh4 h6 41. Qxh3 Qg8 42. e4 1-0


[Site "https://www.chess.com"]

[Event "Titled Tuesday Blitz November 07 Early 2023"]
[White "Perez Rodriguez, Jennifer"]
[Black "Molina, Roberto Junio Brito"]
[WhiteFideId "3507831"]
[BlackFideId "2109450"]
[WhiteElo "2442"]
[BlackElo "2810"]
[Result "1/2-1/2"]
[Round "1"]
[TimeControl "180+1"]
[Date "2023.11.07"]
[WhiteClock "0:00:19"]
[BlackClock "0:00:40"]
[Board "74"]

1. e4 c6 2. Nc3 d5 3. Nf3 dxe4 4. Nxe4 Bg4 5. h3 Bxf3 6. Qxf3 Nd7 7. d4 Ndf6 8. c3 Nxe4 9. Qxe4 Nf6 10. Qc2 Qd5 11. Be3 e6 12. Qb3 Qxb3 13. axb3 a6 14. Be2 Bd6 15. O-O Nd5 16. Bd2 Bf4 17. Be1 h5 18. g3 Bg5 19. h4 Bf6 20. Bd2 g6 21. Bf3 O-O 22. Rfe1 Rad8 23. Kg2 Rd7 24. b4 Rfd8 25. Be4 Kh7 26. f3 Bg7 27. g4 Nf6 28. Bg5 Rh8 29. Bxf6 Bxf6 30. gxh5 Kg7 31. hxg6 Bxh4 32. Rg1 f5 33. Bd3 Kxg6 34. Kf1+ Kf6 35. Bc4 Rdh7 36. Rg2 Bg5 37. Re1 Rh1+ 38. Rg1 Rxg1+ 39. Kxg1 Re8 40. Kg2 Bf4 41. Re2 Re7 42. Kf1 e5 43. dxe5+ Bxe5 44. Ke1 Rd7 45. Rd2 Bg3+ 46. Ke2 Re7+ 47. Kd3 Bf4 48. Re2 Rd7+ 49. Kc2 Rd6 50. Bd3 Bg3 51. Rg2 Bf4 52. Rg8 Rd5 53. Rf8+ Kg6 54. Rg8+ Kf7 55. Rh8 Re5 56. Rh7+ Kf6 57. Rxb7 Re3 58. Rb6 Rxf3 59. Rxc6+ Kg5 60. Rc5 Rf2+ 61. Kb3 Be3 62. Rxf5+ Rxf5 63. Bxf5 Kxf5 64. Ka4 Bb6 65. c4 Ke5 66. c5 Bd8 67. b5 axb5+ 68. Kxb5 Kd5 69. b4 Bc7 70. Ka6 Kc6 71. b5+ Kxc5 72. b6 Bd6 73. b7 Kc6 74. b8=Q Bxb8 1/2-1/2


[Site "https://www.chess.com"]

[Event "Titled Tuesday Blitz November 07 Early 2023"]
[White "Suyarov, Mukhammadzokhid"]
[Black "pasteta13"]
[WhiteFideId "14210495"]
[WhiteElo "2807"]
[BlackElo "2441"]
[Result "1-0"]
[Round "1"]
[TimeControl "180+1"]
[Date "2023.11.07"]
[WhiteClock "0:02:18"]
[BlackClock "0:00:00"]
[Board "75"]

1. d4 Nf6 2. Nc3 d5 3. Bf4 e6 4. Nb5 Na6 5. e3 c6 6. Nc3 Bd6 7. Bxa6 bxa6 8. Nf3 Rb8 9. Na4 Bxf4 10. exf4 Ne4 11. O-O Qd6 12. Ne5 O-O 13. f3 Nf6 14. c3 a5 15. Re1 Ne8 16. Qd2 Nc7 17. Nc5 Na6 18. Ned3 Nxc5 19. Nxc5 Rb5 20. a4 Rxc5 21. dxc5 Qxc5+ 22. Qd4 Qd6 23. Qxa7 Qxf4 24. Qxa5 Qd2 25. Qb4 Ba6 26. Rad1 Qc2 27. b3 Rc8 28. Rc1 Qd2 29. Qd4 Qb2 30. b4 Bc4 31. a5 Re8 32. Ra1 f6 33. a6 e5 34. Qe3 Ra8 35. a7 h6 36. Qb6 1-0


[Site "https://www.chess.com"]

[Event "Titled Tuesday Blitz November 07 Early 2023"]
[White "Kozak, Antoni"]
[Black "Ishbaev, Alibek"]
[WhiteFideId "21832030"]
[BlackFideId "14205017"]
[WhiteElo "2800"]
[BlackElo "2439"]
[Result "1-0"]
[Round "1"]
[TimeControl "180+1"]
[Date "2023.11.07"]
[WhiteClock "0:01:03"]
[BlackClock "0:01:10"]
[Board "77"]

1. e4 e5 2. Nf3 Nc6 3. Bb5 Bc5 4. d3 Nge7 5. O-O O-O 6. Be3 Bb6 7. c4 d6 8. Nc3 Bg4 9. h3 Bh5 10. g4 Bg6 11. Nh4 Nd4 12. Ba4 Nec6 13. Nf5 Bxf5 14. gxf5 g6 15. Kh2 gxf5 16. exf5 Kh8 17. Qh5 Qf6 18. Bxc6 bxc6 19. Bxd4 Bxd4 20. Ne4 Qe7 21. f6 Qe6 22. Ng5 Qf5 23. Nxf7+ Rxf7 24. Qxf5 Raf8 25. Qe4 Rxf6 26. Qxc6 Bxf2 27. Qg2 Rf4 28. Kh1 Rg8 29. Rxf2 1-0


[Site "https://www.chess.com"]

[Event "Titled Tuesday Blitz November 07 Early 2023"]
[White "Lucas, Arthur"]
[Black "elprimo2012mortis"]
[WhiteFideId "26093073"]
[WhiteElo "2438"]
[BlackElo "2800"]
[Result "0-1"]
[Round "1"]
[TimeControl "180+1"]
[Date "2023.11.07"]
[WhiteClock "0:00:00"]
[BlackClock "0:00:11"]
[Board "78"]

1. e4 c6 2. Nc3 d5 3. Nf3 dxe4 4. Nxe4 Nf6 5. Qe2 Nxe4 6. Qxe4 Qd5 7. Qh4 Qe6+ 8. Be2 Qg6 9. O-O Qxc2 10. b3 Qf5 11. Bc4 Qf6 12. Qxf6 gxf6 13. Re1 e6 14. Bb2 Be7 15. Nh4 Rg8 16. Nf5 exf5 17. Bxf6 Be6 18. Bxe6 fxe6 19. Rxe6 Kf7 20. Rxe7+ Kxf6 21. Rxb7 Rg7 22. Rxg7 Kxg7 23. Re1 Kf7 24. Re5 Nd7 25. Rxf5+ Ke6 26. Rh5 Nf6 27. Rc5 Rc8 28. h3 Nd5 29. g3 Kd6 30. Rc4 Re8 31. Rh4 Re7 32. Rh6+ Kc5 33. h4 Rc7 34. f4 Kb4 35. f5 Ka3 36. g4 Kxa2 37. g5 Kxb3 38. g6 hxg6 39. fxg6 Rg7 40. h5 Nf6 41. Rh8 a5 42. Kf2 a4 43. Rb8+ Kc2 44. Rb6 Nxh5 45. Rxc6+ Kb3 46. Rb6+ Ka3 47. Kf3 Rd7 48. Kg4 Ng7 49. Kg5 Rxd2 50. Kf6 Ne8+ 51. Ke7 Nc7 52. g7 Rg2 53. Kf8 Nd5 54. Rd6 Rf2+ 55. Ke8 Rg2 56. Kf8 Ne7 57. Kxe7 Rxg7+ 58. Kf6 Rc7 59. Ke5 Rc4 60. Kd5 Rh4 61. Kc5 Kb3 62. Rd2 a3 63. Rd3+ Kb2 64. Rd2+ Kc3 65. Rg2 Ra4 66. Rg3+ Kd2 67. Rg2+ Kd3 68. Rg3+ Ke2 69. Rg2+ Kd1 70. Ra2 Kc1 71. Kb5 Kb1 72. Rh2 Ra8 73. Rh1+ Kc2 74. Rh2+ Kc3 75. Rh3+ Kd4 76. Rh4+ Kd5 77. Rh5+ Kd6 78. Rh6+ Ke5 79. Rh5+ Ke4 80. Rh4+ Kf3 81. Rh3+ Kg2 0-1


[Site "https://www.chess.com"]

[Event "Titled Tuesday Blitz November 07 Early 2023"]
[White "Sokolovsky, Yahli"]
[Black "Tworuszka, Michal"]
[WhiteFideId "2820242"]
[BlackFideId "1117858"]
[WhiteElo "2797"]
[BlackElo "2437"]
[Result "1-0"]
[Round "1"]
[TimeControl "180+1"]
[Date "2023.11.07"]
[WhiteClock "0:00:14"]
[BlackClock "0:00:03"]
[Board "79"]

1. b3 e5 2. Bb2 Nc6 3. e3 Nf6 4. Nf3 e4 5. Nd4 Nxd4 6. Bxd4 d5 7. c4 c6 8. Nc3 Be7 9. cxd5 cxd5 10. f4 O-O 11. Be2 b6 12. g4 Bc5 13. g5 Bxd4 14. exd4 Ne8 15. Bg4 Bxg4 16. Qxg4 f5 17. Qe2 Qd6 18. Rf1 Nc7 19. Qe3 b5 20. Kf2 Rfc8 21. Kg3 a6 22. Rac1 Ne6 23. h4 Rc7 24. Ne2 Rac8 25. Rc3 b4 26. Rxc7 Rxc7 27. d3 Rc2 28. dxe4 dxe4 29. Rc1 Rxc1 30. Qxc1 Qc7 31. Qc4 Kf7 32. Kf2 Ke7 33. Ke3 Qxc4 34. bxc4 Kd6 35. Nc1 g6 36. Nb3 Nc7 37. d5 Ne8 38. Kd4 Nc7 39. Nc5 Ke7 40. Nb7 Kd7 41. Na5 Ne8 42. Nc6 Nc7 43. Nxb4 a5 44. Nc6 a4 45. Ne5+ Kd6 46. c5+ Ke7 47. d6+ Kd8 48. dxc7+ Kxc7 49. Nc4 Kc6 50. Ne3 Kb5 51. Kd5 1-0


[Site "https://www.chess.com"]

[Event "Titled Tuesday Blitz November 07 Early 2023"]
[White "Herman, Daniel"]
[Black "Nazari, Arad"]
[WhiteFideId "30935008"]
[BlackFideId "12577324"]
[WhiteElo "2436"]
[BlackElo "2794"]
[Result "1-0"]
[Round "1"]
[TimeControl "180+1"]
[Date "2023.11.07"]
[WhiteClock "0:00:34"]
[BlackClock "0:00:04"]
[Board "80"]

1. c4 e5 2. Nc3 Bb4 3. Nd5 Bc5 4. e3 c6 5. d4 cxd5 6. dxc5 dxc4 7. Bxc4 Qa5+ 8. Bd2 Qxc5 9. Rc1 Qe7 10. Bxf7+ Kxf7 11. Rxc8 d5 12. Qb3 Qd7 13. Qc2 Ke6 14. Nf3 g6 15. e4 dxe4 16. Ng5+ Kf6 17. Nxe4+ Kg7 18. Rc7 Nf6 19. Nxf6 Kxf6 20. Rxd7 Nxd7 21. f4 Rac8 22. fxe5+ Kg7 23. Bc3 Rhe8 24. O-O Nc5 25. e6+ Kg8 26. Qf2 Rc7 27. Qd4 1-0


[Site "https://www.chess.com"]

[Event "Titled Tuesday Blitz November 07 Early 2023"]
[White "Mekhitarian, Krikor Sevag"]
[Black "Jesseinkman"]
[WhiteFideId "2107660"]
[WhiteElo "2789"]
[BlackElo "2436"]
[Result "1-0"]
[Round "1"]
[TimeControl "180+1"]
[Date "2023.11.07"]
[WhiteClock "0:00:53"]
[BlackClock "0:00:17"]
[Board "81"]

1. Nf3 d5 2. c4 e6 3. d4 c5 4. cxd5 exd5 5. g3 Nc6 6. Bg2 Nf6 7. O-O Be7 8. Nc3 O-O 9. Bg5 c4 10. Ne5 Be6 11. b3 h6 12. Bxf6 Bxf6 13. Nxc6 bxc6 14. bxc4 dxc4 15. e3 c5 16. Rc1 Rc8 17. d5 Bf5 18. Ne4 Bxe4 19. Bxe4 c3 20. Bc2 c4 21. Kg2 Qa5 22. e4 Qc5 23. f4 Bd4 24. Qf3 Be3 25. Rce1 Bd2 26. Rb1 Rb8 27. e5 Qe3 28. Qxe3 Bxe3 29. Kf3 Bc5 30. d6 Rb2 31. Rxb2 cxb2 32. Ke4 c3 33. Kd5 Be3 34. f5 Rb8 35. e6 Bc1 36. e7 1-0


[Site "https://www.chess.com"]

[Event "Titled Tuesday Blitz November 07 Early 2023"]
[White "Kovalevsky, Stanislav"]
[Black "Klimkowski, Jan"]
[WhiteFideId "13508598"]
[BlackFideId "21856222"]
[WhiteElo "2434"]
[BlackElo "2789"]
[Result "0-1"]
[Round "1"]
[TimeControl "180+1"]
[Date "2023.11.07"]
[WhiteClock "0:00:12"]
[BlackClock "0:00:51"]
[Board "82"]

1. e4 c5 2. c3 d5 3. exd5 Qxd5 4. Nf3 Nc6 5. d4 Bf5 6. Be3 cxd4 7. cxd4 Bxb1 8. Qxb1 e5 9. Bd3 Bb4+ 10. Kf1 exd4 11. Bf4 Nf6 12. a3 Be7 13. h4 h6 14. Rh3 O-O 15. Kg1 Bd6 16. Qc1 Rac8 17. Qd2 Bxf4 18. Qxf4 Rfe8 19. g4 Ne5 20. Bf5 Rcd8 21. g5 Nh5 22. Qe4 Qxe4 23. Bxe4 Nf4 24. Rh1 Nxf3+ 25. Bxf3 hxg5 26. hxg5 Re5 27. Rc1 Rxg5+ 28. Kf1 d3 29. Rc4 Ne6 30. Rch4 Kf8 31. Rh8+ Ke7 32. Rxd8 Kxd8 33. Ke1 b6 34. Kd2 Rf5 35. Ke3 g5 36. Be4 Re5 37. f3 f5 38. Rh8+ Kc7 39. Rh7+ Kd6 40. Kxd3 fxe4+ 41. fxe4 Nc5+ 42. Kc4 a6 43. Rh6+ Re6 44. e5+ Kxe5 45. Rh5 Kf4 46. b4 Ne4 47. Kd5 Rd6+ 48. Kc4 b5+ 49. Kb3 g4 50. Rh8 Rg6 51. Rf8+ Nf6 52. Kc3 g3 53. Rg8 Rxg8 0-1


[Site "https://www.chess.com"]

[Event "Titled Tuesday Blitz November 07 Early 2023"]
[White "Sattarov, Bobir"]
[Black "Polaczek, Richard"]
[WhiteFideId "14203081"]
[BlackFideId "200026"]
[WhiteElo "2786"]
[BlackElo "2433"]
[Result "1-0"]
[Round "1"]
[TimeControl "180+1"]
[Date "2023.11.07"]
[WhiteClock "0:01:08"]
[BlackClock "0:00:00"]
[Board "83"]

1. e4 Nf6 2. e5 Nd5 3. c4 Nb6 4. d4 d6 5. exd6 cxd6 6. Nc3 g6 7. Be3 Bg7 8. Rc1 O-O 9. b3 Bf5 10. Be2 d5 11. c5 Nc8 12. Bf3 Nc6 13. Bxd5 e5 14. Bxc6 bxc6 15. Nge2 Ne7 16. O-O Bg4 17. dxe5 Bxe5 18. Bd4 Qc7 19. Bxe5 Qxe5 20. Qd4 Qxd4 21. Nxd4 Rad8 22. Nc2 Rd2 23. Ne3 Be6 24. Rfd1 Rfd8 25. Rxd2 Rxd2 26. Rd1 Rb2 27. g4 h6 28. Rd8+ Kg7 29. Ra8 h5 30. gxh5 Nf5 31. Rxa7 Nxe3 32. fxe3 gxh5 33. h4 Kf6 34. Ra4 Rc2 35. Ne4+ Kg6 36. Ng3 Rc1+ 37. Kf2 Rxc5 38. Kf3 Bd5+ 39. Kf4 Rc3 40. Ra6 1-0


[Site "https://www.chess.com"]

[Event "Titled Tuesday Blitz November 07 Early 2023"]
[White "Shuvalov, Evgenij"]
[Black "Yeremyan_ChessMate"]
[WhiteFideId "4187237"]
[WhiteElo "2433"]
[BlackElo "2785"]
[Result "0-1"]
[Round "1"]
[TimeControl "180+1"]
[Date "2023.11.07"]
[WhiteClock "0:00:07"]
[BlackClock "0:00:31"]
[Board "84"]

1. d4 Nf6 2. c4 g6 3. Nc3 d5 4. cxd5 Nxd5 5. e4 Nxc3 6. bxc3 Bg7 7. Nf3 O-O 8. Be3 c5 9. Rc1 Qc7 10. d5 e5 11. h4 h6 12. h5 g5 13. Nd2 Nd7 14. c4 Nf6 15. Be2 Ne8 16. Bg4 Nd6 17. Bxc8 Raxc8 18. Qc2 Qd7 19. Nf1 f5 20. exf5 Nxf5 21. Qe4 Nd6 22. Qg6 Nf5 23. Qe6+ Qxe6 24. dxe6 Rfe8 25. g4 Nd4 26. Ng3 Rxe6 27. Ne4 Ra6 28. Rb1 Rxa2 29. O-O b6 30. Ra1 Rxa1 31. Rxa1 a5 32. Rb1 Rc6 33. Kg2 Kf7 34. f3 Ke6 35. Nc3 Bf8 36. Nd5 Nc2 37. Kf2 Nb4 38. Nc3 Rd6 39. Ke2 Rd8 40. Na4 Rd6 41. Rb2 Be7 42. Rd2 Rxd2+ 43. Kxd2 Bd8 44. Bf2 Bc7 45. Bg3 Nc6 46. Ke3 Ne7 47. Ke4 Ng8 48. Nc3 Nf6+ 49. Ke3 Bd8 50. Nb5 Ne8 51. Nc3 Nd6 52. Kd3 Bf6 53. Na4 Bd8 54. Nc3 Nc8 55. Ke4 Bc7 56. Nd5 Bb8 57. Nc3 Na7 58. Bf2 Nc6 59. Nd5 a4 60. Be3 a3 61. Bc1 a2 62. Bb2 Na5 63. Kd3 b5 64. Ne3 Nxc4 65. Nxc4 bxc4+ 66. Kxc4 e4 67. fxe4 Be5 68. Kb3 Bxb2 69. Kxb2 Ke5 70. Kxa2 Kxe4 71. Kb3 Kf4 72. Kc4 Kxg4 73. Kxc5 Kxh5 0-1


[Site "https://www.chess.com"]

[Event "Titled Tuesday Blitz November 07 Early 2023"]
[White "Javakhadze, Zurab"]
[Black "Rios Escobar, Adan"]
[WhiteFideId "13603647"]
[BlackFideId "3403645"]
[WhiteElo "2784"]
[BlackElo "2430"]
[Result "1-0"]
[Round "1"]
[TimeControl "180+1"]
[Date "2023.11.07"]
[WhiteClock "0:00:06"]
[BlackClock "0:00:01"]
[Board "85"]

1. Nf3 Nf6 2. d4 g6 3. Nbd2 d5 4. e3 Bg7 5. b4 O-O 6. Bb2 a5 7. b5 c5 8. c4 Nbd7 9. Rc1 b6 10. cxd5 Nxd5 11. Bc4 Bb7 12. O-O Rc8 13. Qb3 e6 14. e4 Nf4 15. Qe3 Bh6 16. Qc3 Bg7 17. Qe3 Bh6 18. Kh1 Nf6 19. dxc5 Rxc5 20. Ba3 Ng4 21. Qb3 Rh5 22. Bxf8 Qxf8 23. Rfd1 Nxf2+ 24. Kg1 Nxd1 25. Rxd1 Qb8 26. Nf1 Bg7 27. Qe3 Bh6 28. Qd4 Rc5 29. Kh1 Bg7 30. e5 Nd5 31. Bb3 Qc7 32. Re1 h6 33. Qh4 Bc8 34. Qf2 Bb7 35. Ng3 Rxb5 36. Ne4 Rb4 37. Nd6 Qd7 38. Ne4 Bc6 39. Qh4 Bb7 40. Nd6 Bc6 41. Qf2 a4 42. Bc2 Rb2 43. Nd4 a3 44. Nxc6 Qxc6 45. Qxf7+ Kh7 46. Qxg6+ Kh8 47. Qh7# 1-0


[Site "https://www.chess.com"]

[Event "Titled Tuesday Blitz November 07 Early 2023"]
[White "Molina Carretero, Daniel"]
[Black "Fernandez, Daniel"]
[WhiteFideId "32071914"]
[BlackFideId "2015390"]
[WhiteElo "2430"]
[BlackElo "2781"]
[Result "0-1"]
[Round "1"]
[TimeControl "180+1"]
[Date "2023.11.07"]
[WhiteClock "0:00:00"]
[BlackClock "0:00:30"]
[Board "86"]

1. c4 e5 2. g3 Nf6 3. Bg2 c6 4. d4 exd4 5. Qxd4 Na6 6. Nf3 d5 7. cxd5 Nb4 8. Qd2 Bf5 9. Nd4 Be4 10. f3 Qxd5 11. O-O Bc5 12. e3 Bg6 13. Nc3 Qc4 14. Rd1 Bxd4 15. exd4 O-O-O 16. Bf1 Qe6 17. Qf2 Nc2 18. Rb1 Rhe8 19. d5 Nxd5 20. Qxa7 Nde3 21. Ba6 Rxd1+ 22. Nxd1 bxa6 23. Qxa6+ Kc7 24. Qa7+ Kd6 0-1


[Site "https://www.chess.com"]

[Event "Titled Tuesday Blitz November 07 Early 2023"]
[White "Weetik, Vjacheslav"]
[Black "WindWhistler11"]
[WhiteFideId "4153472"]
[WhiteElo "2779"]
[BlackElo "2429"]
[Result "1-0"]
[Round "1"]
[TimeControl "180+1"]
[Date "2023.11.07"]
[WhiteClock "0:00:15"]
[BlackClock "0:00:00"]
[Board "87"]

1. d4 Nf6 2. c4 e6 3. g3 c5 4. d5 exd5 5. cxd5 Bd6 6. Nc3 O-O 7. Nf3 Re8 8. Bg2 a6 9. a4 h6 10. O-O Bf8 11. Nd2 d6 12. Nc4 Nbd7 13. e4 Rb8 14. a5 b5 15. axb6 Nxb6 16. Na5 Bd7 17. h3 Qc8 18. Kh2 g6 19. f4 Bg7 20. e5 dxe5 21. fxe5 Rxe5 22. Bf4 Nh5 23. Bxe5 Bxe5 24. Ne2 Qc7 25. Nf4 Bxf4 26. gxf4 Na4 27. Nc4 Nxb2 28. d6 Qd8 29. Qc1 Nxc4 30. Qxc4 Bb5 31. Qxc5 Bxf1 32. Rxf1 Qh4 33. Qf2 Qf6 34. d7 Rd8 35. Rd1 Qxf4+ 36. Qxf4 Nxf4 37. Bc6 Ne6 38. Rc1 Kf8 39. Ba4 Ke7 40. Kg3 f5 41. h4 g5 42. h5 f4+ 43. Kg4 Kd6 44. Rd1+ Ke5 45. Re1+ Kf6 46. Rc1 Ke7 47. Kf5 Nd4+ 48. Kg6 Nb5 49. Kxh6 g4 50. Kg5 f3 51. Kxg4 f2 52. h6 Nd4 53. Rf1 Rg8+ 54. Kf4 Rf8+ 55. Ke3 Ne6 56. Rxf2 Rh8 57. Rh2 Nc7 58. Kd4 Nb5+ 59. Ke5 1-0


[Site "https://www.chess.com"]

[Event "Titled Tuesday Blitz November 07 Early 2023"]
[White "Berezin, Viktor"]
[Black "Hayrapetyan, Hovik"]
[WhiteFideId "14107872"]
[BlackFideId "13302639"]
[WhiteElo "2428"]
[BlackElo "2778"]
[Result "1-0"]
[Round "1"]
[TimeControl "180+1"]
[Date "2023.11.07"]
[WhiteClock "0:00:08"]
[BlackClock "0:00:04"]
[Board "88"]

1. Nf3 d5 2. c4 e6 3. g3 Nf6 4. Bg2 Be7 5. O-O O-O 6. b3 d4 7. Bb2 c5 8. b4 Nc6 9. bxc5 e5 10. d3 Bxc5 11. Ba3 Bxa3 12. Nxa3 Bg4 13. Ng5 h6 14. Ne4 Nxe4 15. Bxe4 Qd7 16. c5 f5 17. Bg2 Qe7 18. Nb5 Rad8 19. Nd6 e4 20. Qb3+ Kh7 21. dxe4 Bxe2 22. Rfe1 d3 23. exf5 d2 24. Qb2 dxe1=Q+ 25. Rxe1 Rfe8 26. Nxe8 Rd1 27. Rxd1 Bxd1 28. f6 Qe1+ 29. Bf1 Ne5 30. fxg7 Nf3+ 31. Kg2 Nd2 32. Bd3+ Kg8 33. Nf6+ Kxg7 34. Nh5+ Kf7 35. Qf6+ Ke8 36. Bb5# 1-0


[Site "https://www.chess.com"]